Map: Overgrown Facility

Players

LaVerDrop

  • Race: Zerg Zerg
  • League: Platinum
  • Spawn Location: 7:00

Thunderbolt

  • Race: Terran Terran
  • Spawn Location: 9:00

Yata

  • Race: Zerg Zerg
  • League: Silver
  • Spawn Location: 1:00

Myhome

  • Race: Terran Terran
  • League: Diamond
  • Spawn Location: 3:00

VOD

Have the link to the VOD?

Description

Time

  • Played on: Aug. 26, 2017, 8:45 p.m.
  • Length: 8:08
Show
View Real Time Build Order
Export as new Build Order

LaVerDrop Zerg 

Build Orders: Pool First 

Get SALT Encoding   

  12  0:01  Drone  
  13  0:13  Overlord  
  13  0:32  Spawning Pool  
  12  0:38  Extractor  
  12  0:40  Drone  
  12  0:45  Drone  
  14  0:57  Drone  
  14  1:02  Drone x2  
  16  2:03  Queen  
  16  2:04  Hatchery  
  17  2:13  Drone x2  
  17  2:14  Drone  
  20  2:16  Metabolic Boost  
  20  2:26  Drone  
  21  2:35  Drone  
  22  2:52  Overlord  
  22  3:01  Overlord  
  22  3:09  Queen  
  22  3:12  Hatchery  
  23  3:20  Queen  
  23  3:23  Zergling x6  
  28  3:30  Zergling x2  
  29  3:42  Roach Warren  
  29  3:44  Zergling x4  
  30  3:55  Zergling x6  
  33  4:04  Zergling x4  
  35  4:30  Drone  
  35  4:31  Drone x7  
  43  4:37  Drone  
  43  4:38  Drone  
  45  4:43  Drone  
  46  4:49  Drone x2  
  48  4:57  Drone  
  48  4:58  Drone  
  50  5:00  Overlord  
  50  5:21  Zergling x2  
  50  5:22  Zergling x14  
  57  5:36  Zergling x2  
  57  5:43  Zergling x2  
  57  5:44  Overlord  
  57  5:45  Overlord x5  
  57  6:15  Zergling x2  
  57  6:16  Zergling x18  
  57  6:17  Drone  
  68  6:25  Lair  
  68  6:43  Zergling x2  
  68  6:44  Zergling x10  
  73  7:00  Zergling x14  
  73  7:01  Zergling x10  
  82  7:06  Zergling x2  
  83  7:18  Zergling x6  
  83  7:40  Nydus Network  
  83  7:43  Drone x2  
  83  7:44  Drone  
  81  7:45  Hatchery  
  81  7:46  Extractor  
  81  7:48  Extractor  
Show
View Real Time Build Order
Export as new Build Order

Thunderbolt Terran 

Build Orders: Hellion Opening, Mech 

Get SALT Encoding   

  12  0:01  SCV  
  13  0:13  SCV  
  14  0:19  Supply Depot  
  14  0:25  SCV  
  15  0:41  Barracks, SCV  
  16  0:50  Refinery  
  16  0:53  SCV  
  17  1:05  Supply Depot, SCV  
  18  1:17  SCV  
  19  1:29  Marine  
  20  1:43  SCV  
  21  1:47  Marine  
  22  1:55  Orbital Command  
  22  1:56  Factory  
  22  2:09  Barracks Reactor  
  22  2:24  SCV, Command Center  
  23  2:36  Supply Depot, SCV  
  24  2:51  Hellion  
  24  2:52  Hellion  
  28  3:06  SCV  
  28  3:07  Factory  
  28  3:09  Supply Depot  
  29  3:13  Hellion x2  
  33  3:22  Refinery  
  33  3:31  SCV  
  34  3:35  Hellion x2  
  34  3:41  Armory  
  38  3:43  SCV  
  39  3:51  Factory Tech Lab  
  39  3:56  Hellion x2  
  39  4:00  SCV  
  44  4:16  Infernal Pre-Igniter  
  44  4:19  Hellion x2  
  44  4:22  Hellion  
  50  4:28  Orbital Command  
  50  4:36  SCV  
  51  4:57  Siege Tank, Command Center  
  54  5:05  Refinery  
  54  5:06  Refinery  
  54  5:49  Siege Tank  
  57  5:57  Command Center  
  57  5:59  Command Center  
  57  6:19  Hellion x2  
  57  6:21  Siege Tank  
  58  6:43  Hellion x2  
  50  7:06  Hellion x2  
  52  7:11  Orbital Command  
  52  7:12  Orbital Command  
  52  7:17  Factory  
  52  7:18  Hellion  
  52  7:19  Factory  
  52  7:22  Factory  
  52  7:28  Hellion  
  54  7:46  SCV  
  54  7:49  SCV  
  56  7:52  SCV  
Show
View Real Time Build Order
Export as new Build Order

Yata Zerg 

Build Orders: Hatch First 

Get SALT Encoding   

  12  0:01  Drone  
  13  0:13  Overlord  
  13  0:18  Drone  
  14  0:32  Drone  
  14  0:33  Drone  
  14  0:35  Drone  
  17  0:57  Hatchery, Drone  
  17  1:02  Drone  
  18  1:11  Extractor  
  18  1:17  Spawning Pool  
  16  1:21  Drone  
  16  1:22  Drone  
  18  1:28  Drone  
  19  1:42  Overlord  
  19  1:52  Drone  
  20  2:01  Drone  
  20  2:05  Queen  
  23  2:09  Queen  
  23  2:12  Zergling x2  
  23  2:13  Zergling x2  
  27  2:18  Metabolic Boost  
  27  2:22  Drone  
  28  2:35  Drone x2, Baneling Nest  
  28  2:36  Drone  
  30  3:00  Drone x4  
  34  3:07  Queen  
  36  3:14  Overlord x2  
  36  3:32  Drone  
  36  3:33  Drone x5  
  42  3:37  Overlord  
  42  4:05  Hatchery  
  40  4:32  Drone  
  40  4:36  Roach Warren  
  40  4:42  Drone  
  40  4:44  Extractor  
  40  4:46  Drone x2  
  40  4:47  Extractor  
  40  4:49  Queen  
  40  4:50  Queen  
  45  5:15  Zergling x22  
  9  5:44  Zergling x10  
  9  5:45  Zergling x10  
  9  6:14  Drone  
  9  6:15  Drone x9  
  2  6:46  Roach  
  4  6:47  Roach x4  
  14  7:01  Roach  
  14  7:12  Roach  
  16  7:46  Roach  
Show
View Real Time Build Order
Export as new Build Order

Myhome Terran 

Build Orders: Reaper Expand, MMM Bio 

Get SALT Encoding   

  12  0:01  SCV  
  13  0:17  SCV  
  13  0:21  Supply Depot  
  14  0:29  SCV  
  15  0:42  SCV  
  16  0:48  Barracks  
  16  0:50  Refinery  
  16  0:54  SCV  
  17  1:06  SCV  
  18  1:19  SCV  
  19  1:34  Orbital Command  
  19  1:36  Supply Depot, Reaper  
  20  1:58  Command Center  
  20  2:03  SCV  
  21  2:15  Supply Depot  
  21  2:16  SCV  
  21  2:27  Refinery  
  21  2:28  SCV  
  22  2:34  Barracks Reactor  
  22  2:36  Barracks  
  22  2:49  SCV  
  22  3:20  SCV  
  22  3:21  Orbital Command  
  22  3:25  Barracks Tech Lab  
  23  3:27  Command Center  
  23  3:29  Marine  
  23  3:30  Marine  
  25  3:35  SCV  
  26  3:47  SCV, Marine  
  28  3:48  SCV, Stimpack  
  29  3:59  SCV  
  29  4:00  Factory, SCV, Marine  
  32  4:03  Marine  
  33  4:11  SCV  
  34  4:21  Marine x2  
  34  4:22  SCV  
  34  4:23  SCV  
  38  4:27  Marine  
  39  4:32  Supply Depot  
  39  4:34  SCV  
  39  4:36  Barracks, SCV  
  39  4:37  Barracks  
  41  4:39  Marine  
  41  4:42  Marauder  
  41  4:44  Orbital Command  
  44  4:48  SCV x2  
  46  4:55  Factory Tech Lab  
  46  5:02  Starport  
  46  5:04  Engineering Bay  
  46  5:08  SCV x2, Engineering Bay  
  46  5:09  Marine  
  46  5:11  Marine  
  50  5:20  Marine  
  51  5:27  Marine  
  51  5:28  Marine x2  
  52  5:29  Marine  
  52  5:30  SCV x2  
  52  5:31  SCV  
  58  5:36  Terran Infantry Weapons Level 1  
  58  5:37  Terran Infantry Armor Level 1, Marine  
  59  5:44  SCV x3  
  59  5:45  Marine  
  59  5:46  Marine  
  64  5:50  Refinery  
  64  5:51  Marine x2  
  64  5:55  Marine  
  64  5:56  SCV x2  
  69  6:03  SCV, Marine  
  69  6:04  Marine  
  71  6:05  Combat Shields  
  71  6:08  SCV x2  
  71  6:09  Medivac, Marine  
  77  6:36  Barracks  
  77  6:37  Barracks  
  77  6:39  Marine x2  
  77  6:40  Marine x2  
  77  6:41  SCV  
  77  6:48  SCV  
  77  6:52  Medivac, Siege Tank, Marine  
  77  6:56  Marine  
  77  6:57  Marine  
  77  6:58  Marine x2  
  61  7:09  Marine  
  61  7:14  Marine x2  
  60  7:16  Marine x2  
  55  7:27  Marine  
  55  7:29  Marine  
  52  7:32  Marine x2  
  52  7:34  Marine x2  
  41  7:45  Marine  
  41  7:47  Marine  
Tags
 
Add a new tag
Caveats
  • Supply blocks, unpowered buildings, or Contaminate may cause inaccurate times.
  • Supply counts are checked every 10 seconds.